 Dungeon Crawl Stone Soup version 0.32-a0-975-g85d4e5bfdb (webtiles) character file.

Game seed: 12930716693667238369

53 Autsider the Grasshopper (level 3, 0/18 HPs)
             Began as a Vine Stalker Warper on Apr 18, 2024.
             Succumbed to a goblin's poison
             ... on level 2 of the Dungeon.
             The game lasted 00:03:28 (1277 turns).

Autsider the Grasshopper (Vine Stalker Warper)      Turns: 1277, Time: 00:03:29

Health: 0/18       AC:  5    Str: 13    XL:     3   Next: 87%
Magic:  7/7        EV: 10    Int: 13    God:
Gold:   79         SH:  2    Dex: 15    Spells: 2/6 levels left

rFire   + . .        a - +0 short sword
rCold   + . .        p - -2 buckler
rNeg    . . .        b - +0 leather armour
rPois   +            (no helmet)
rElec   +            (no cloak)
rCorr   +            k - +0 pair of gloves
SInv    .            j - +0 pair of boots
Will    .....        (no amulet)
Stlth   ++           (no ring)
HPRegen 1.03/turn    (no ring)
MPRegen 0.10/turn

%: guardian spirit
@: mighty, lethally poisoned (0 -> -2), resistant
A: fangs 2, regeneration 1, magic shield, antimagic bite, no potion heal 2
a: no special abilities


You were on level 2 of the Dungeon.
You visited 1 branch of the dungeon, and saw 2 of its levels.

You collected 79 gold pieces.

Inventory:

Hand Weapons
 a - a +0 short sword (weapon)
Missiles
 d - 7 darts of dispersal (quivered)
 f - 6 atropa-tipped darts
 o - 6 boomerangs
Armour
 b - a +0 leather armour (worn)
 j - a +0 pair of boots (worn)
 k - a +0 pair of gloves (worn)
 p - a -2 buckler (worn)
Scrolls
 i - a scroll of noise {unknown}
 l - a scroll of teleportation {unknown}
 q - a scroll of brand weapon {unknown}
Potions
 g - a potion of attraction {unknown}
 h - 2 potions of might
 m - a potion of ambrosia {unknown}
 n - a potion of brilliance {unknown}


   Skills:
 + Level 2.1 Fighting
 + Level 2.4 Short Blades
 - Level 0.8 Throwing
 - Level 0.7 Armour
 - Level 2.0 Dodging
 + Level 2.1 Stealth
 + Level 0.1 Shields
 + Level 2.3 Spellcasting
 + Level 3.1 Translocations


You had 2 spell levels left.
You knew the following spells:

 Your Spells              Type           Power      Damage    Failure   Level
a - Lesser Beckoning      Tloc           18%        N/A       19%         2
z - Blink                 Tloc           18%        N/A       19%         2

Your spell library contained the following spells:

 Spells                   Type           Power      Damage    Failure   Level
 Slow                     Hex            4%         N/A       41%         1
 Maxwell's Portable Pile  Tloc           9%         2d(6-16)  36%         3
 Teleport Other           Tloc           9%         N/A       36%         3
 Confusing Touch          Hex            1%         N/A       80%         3
 Vampiric Draining        Necr           1%         2d6       80%         3
 Vhi's Electric Charge    Tloc/Air       10%        N/A       93%         4


Dungeon Overview and Level Annotations

Branches:
Dungeon (2/15)

Altars:

Shops:
D:2 *[


Innate Abilities, Weirdness & Mutations

You have extremely sharp teeth.
Your natural rate of healing is unusually fast.
When hurt, damage is shared between your health and your magic reserves.
Your bite disrupts and absorbs the magic of your enemies.
Potions cannot restore your health.


Message History

The goblin barely misses you.
You barely miss the goblin.
The frilled lizard hisses angrily.
Your bite misses the goblin. The goblin hits you but does no damage.
You are poisoned.
You hit the goblin. Your bite misses the goblin.
The goblin is heavily wounded.
You feel sick.
The goblin hits you with a +2 dagger of venom.
You closely miss the goblin. Your bite misses the goblin.
The goblin is moderately wounded.
You feel sick. The goblin hits you but does no damage.
You are more poisoned.
You closely miss the goblin.
The goblin is moderately wounded.
You feel very sick.
The goblin hits you with a +2 dagger of venom.
You are lethally poisoned!
You hit the goblin but do no damage. You bite the goblin.
You kill the goblin!
* * * LOW HITPOINT WARNING * * *
You feel very sick.
A quokka comes into view.
* * * LOW HITPOINT WARNING * * *
You feel very sick. The goblin closely misses you.
Blink to where?
Press: ? - help, Dir - move target
As you read the scroll of blinking, it crumbles to dust.
* * * LOW HITPOINT WARNING * * *
You feel very sick.
* * * LOW HITPOINT WARNING * * *
You feel very sick.
It was a potion of might.
You feel very mighty all of a sudden.
* * * LOW HITPOINT WARNING * * *
You feel sick.
It was a potion of resistance.
You feel protected.
You die...

.............## #...#
##.##.##.#..## #...# #..#.#..#
#...#
######.############...########.#.
......rlw)§.g....#...............
...#....####.....#........†..#.#.
. #....# #...#..........## #....#
#..##.<.####.## ##.... #.@##...#
#.# #.g.#w ##.##>..# #.# #...#.g
#.##...# #.. ##..# b. #.##...#
### #..# ##. #.##...# ..##...#
..#..#.# ..#.###. ## #.


You could see a goblin.

Vanquished Creatures
  An adder (D:2)
  2 ball pythons (D:1)
  4 endoplasms
  2 giant cockroaches (D:1)
  3 hobgoblins
  11 jackals
  A kobold (D:1)
  2 quokkas
  5 bats
  2 goblins
  2 rats
35 creatures vanquished.

Notes
Turn   | Place    | Note
-------+----------+-------------------------------------------
     0 | D:1      | Autsider the Vine Stalker Warper began the quest for the
                  | Orb.
     0 | D:1      | Reached XP level 1. HP: 11/11 MP: 4/4
   166 | D:1      | Reached XP level 2. HP: 14/15 MP: 4/6
   170 | D:1      | Reached skill level 1 in Stealth
   904 | D:1      | Reached XP level 3. HP: 18/18 MP: 7/7
   920 | D:1      | Learned a level 2 spell: Blink
   923 | D:1      | Learned a level 2 spell: Lesser Beckoning
  1081 | D:2      | Found Puilluz's Assorted Antiques.
  1127 | D:2      | Found Puoxar's Armour Boutique.
  1277 | D:2      | Succumbed to a goblin's poison

Illustrated notes

Levels and vault maps discovered:
D:1:      giann_wishing_wells, layout_basic
D:2:      minmay_recursive_quarters, layout_loops_cross, serial_shops, shop,
          nicolae_shop_tiny_statue_garden, nicolae_shop_scrapyard,
          nicolae_shop_gibbet_a_chance, nicolae_shop_industrial_runoff,
          shapermc_ecumenical_altar_mp_highgroup, basic_altar,
          minmay_split_cup_large

Skill      XL: |  1  2  3 |
---------------+----------+-----
Fighting       | 2 |  2.1
Short Blades   | 2 |  2.4
Stealth        | 1 2 |  2.1
Dodging        | 2 |  2.0
Throwing       | |  0.8
Armour         | |  0.7
Shields        | |  0.1
Spellcasting   | |  2.3
Translocations | |  3.1

Action                     || total
---------------------------++-------
  Melee: Short sword       ||   131
         Bite              ||    28
    Use: Potion            ||     2
         Scroll            ||     1
   Stab: Sleeping          ||     3
 Armour: Leather armour    ||    60
  Dodge: Dodged            ||    73
  Block: Buckler           ||     3

Table legend: (Time is in decaauts)
 A = Elapsed time spent in this place.
 B = Non-inter-level travel time spent in this place.
 C = Inter-level travel time spent in this place.
 D = Time resting spent in this place.
 E = Time spent auto-exploring this place.
 F = Levels seen in this place.
 G = Mean time per level.
                   A        B        C        D        E       F      G
               +--------+--------+--------+--------+--------+-----+--------+
         Total |   1264 |   1217 |     47 |      4 |    885 |   2 |  632.0 |
       Dungeon |   1264 |   1217 |     47 |      4 |    885 |   2 |  632.0 |
               +--------+--------+--------+--------+--------+-----+--------+

Top non-repeatable levels by time:
     D:1: 1033 daAuts
     D:2: 231 daAuts
